AoeStats
← _BeTo_

Arabia

510692465Analyzed
1v1 RM · 13h ago on Oct 2, 2026· 37m 3s· 2 players
Game mode
Random Map
Map size
Tiny (2 player)
Population
200
Speed
Normal
Resources
Standard
Victory
Conquest
Starting age
Dark Age
Ending age
Imperial Age
RankedLock teamsTeams togetherTeam positionsShared explorationLock speedFull tech treeHidden civsTurbo modeCheats
Victory
Defeat
🇲🇽 Italians · Mexico
1657
+10
🇨🇴 Persians · Colombia
1518
-10
Dragon Extreme
4:27 Loom
34:47 Feudal Age
_BeTo_
6:25 Loom
21:06 Feudal Age
22:20 Man-at-Arms
27:37 Double-Bit Axe
33:06 Castle Age
31:36 Scale Barding Armor
32:50 Bloodlines
33:23 Long Swordsman
34:22 Squires
Connection lost

Rejoining the realm…

Still unreachable

The connection could not be restored.

Session expired

The server has moved on; the page needs a fresh start.